 Dungeon Crawl Stone Soup version 0.18.1-48-g4cf74bf (webtiles) character file.

60 Heedrag the Conjurer (level 3, -1/19 HPs)
             Began as a Deep Elf Conjurer on Aug 5, 2016.
             Slain by an orc wizard
             ... wielding a +0 dagger
              (3 damage)
             ... on level 2 of the Dungeon.
             The game lasted 00:02:51 (1392 turns).

Heedrag the Conjurer (Deep Elf Conjurer)            Turns: 1392, Time: 00:02:51

Health: -1/19      AC:  2    Str:  6    XL:     3   Next: 82%
Magic:  0/10       EV: 13    Int: 25    God:
Gold:   82         SH:  0    Dex: 15    Spells: 2 memorised, 5 levels left

rFire  . . .     SeeInvis .     g - +0 dagger
rCold  . . .     Gourm    .     a - +0 robe
rNeg   . . .     Faith    .     (no shield)
rPois  .         Spirit   .     (no helmet)
rElec  .         Dismiss  .     (no cloak)
rCorr  .         Reflect  .     (no gloves)
SustAt .         Harm     .     (no boots)
MR     .....                    (no amulet)
Stlth  ++........               (no ring)
                                e - +6 ring of intelligence

@: not resistant to hostile enchantments, unstealthy
A: no striking features
a: no special abilities


You were on level 2 of the Dungeon.
You were not hungry.

You visited 1 branch of the dungeon, and saw 3 of its levels.

You collected 82 gold pieces.

Inventory:

Hand Weapons
 g - a +0 dagger (weapon)
Armour
 a - a +0 robe (worn)
Jewellery
 e - a +6 ring of intelligence (left hand)
Scrolls
 f - a scroll of amnesia {unknown}
 j - 3 scrolls of identify {unknown}
 l - a scroll of fog {unknown}
 m - 5 scrolls of enchant weapon {unknown}
 p - a scroll of enchant armour {unknown}
 r - a scroll of teleportation {unknown}
 t - a scroll of remove curse {unknown}
Potions
 d - a potion of heal wounds {unknown}
 h - a potion of degeneration {unknown}
 i - a potion of mutation {unknown}
 k - 2 potions of resistance {unknown}
 o - a potion of agility {unknown}
 q - a potion of lignification {unknown}
 s - a potion of brilliance {unknown}
Books
 b - a book of Conjurations

   Spells                             Type                      Level
   a - Magic Dart                     Conjuration                  1
   b - Searing Ray                    Conjuration                  2
   c - Dazzling Spray                 Conjuration/Hexes            3
   d - Fulminant Prism                Conjuration/Hexes            4
   e - Iskenderun's Mystic Blast      Conjuration                  4
   f - Iskenderun's Battlesphere      Conjuration/Charms           5
Comestibles
 c - 2 bread rations
 n - 3 beef jerkies


   Skills:
 - Level 3.0 Dodging
 - Level 3.1 Stealth
 * Level 3.9 Spellcasting
 * Level 5.0 Conjurations


You had 5 spell levels left.
You knew the following spells:

 Your Spells              Type           Power        Failure   Level  Hunger
a - Magic Dart            Conj           ####         1%          1    None
b - Dazzling Spray        Conj/Hex       ###...       12%         3    ##.....


Dungeon Overview and Level Annotations

Branches:
Dungeon (3/15)

Altars:

Annotations:
D:3 Grinder


Message History

Ye climb upwards.
Thar be a stone staircase leadin' down 'ere.
Unknown command.
Castin': Magic Dart Confirm wit' . or Enter, or press ? or * ta list all spells.
Aimin': Magic Dart
Press: ? - help, Shift-Dir - straight line, f - orc wizard
Aim: an orc wizard, wieldin' a dagger, wearin' a robe an' wearin' a gilded rin' Tha magic dart hits tha orc wizard.
Tha orc priest hits ye but does nay damage.
Tha orc wizard hits ye but does nay damage.
Castin': Magic Dart Confirm wit' . or Enter, or press ? or * ta list all spells.
Ye dinnae haf enough magic ta cast tha spell.
Unknown command.
Tha orc priest hits ye but does nay damage.
Ye barely miss tha orc priest.
Tha orc priest be almost dead.
Tha orc priest misses ye.
Tha orc wizard hits ye wit' a dagger.
Ye die...

###.........#.####.#.#
#...........#.####...###
###.............####....
#.#..............>....
#.#.......###.........
####.#.......#
#.#####...
#............# #.# ###.
#.[...##o.#### #.## #.
#......o@## #..## #.
#.....#### ##..# ##
####### ##.# #.# #.# ###


You could see an orc priest and an orc wizard.

Vanquished Creatures
  2 adders (D:2)
  2 worms (D:2)
  A dart slug (D:2)
  A giant gecko (D:1)
  2 orcs (D:3)
  2 giant cockroaches
  3 goblins
  4 hobgoblins
  3 kobolds (D:1)
  A quokka (D:2)
  5 bats
  2 giant newts (D:2)
  4 rats
32 creatures vanquished.

Notes
Turn   | Place    | Note
--------------------------------------------------------------
     0 | D:1      | Heedrag the Deep Elf Conjurer began the quest for the Orb.
     0 | D:1      | Reached XP level 1. HP: 10/10 MP: 6/6
   239 | D:1      | Reached XP level 2. HP: 15/15 MP: 6/8
   746 | D:2      | Reached XP level 3. HP: 19/19 MP: 6/9
   753 | D:2      | Learned a level 3 spell: Dazzling Spray
  1033 | D:2      | Reached skill level 5 in Conjurations
  1324 | D:3      | Noticed Grinder
  1357 | D:3      | Noticed a hippogriff
  1392 | D:2      | Slain by an orc wizard

Skill      XL: |  1  2  3 |
---------------+----------+-----
Dodging        | 3 |  3.0
Stealth        | 3 |  3.1
Conjurations   | 5 |  5.0
Spellcasting   | |  3.9

Action                   || total
-------------------------++-------
Melee: Dagger            ||     3
 Cast: Magic Dart        ||    73
  Eat: Chunk             ||     1
Armor: Robe              ||     3
Dodge: Dodged            ||     9
